[Event "45th FIDE Womens Olympiad 2024"]
[Site "Budapest"]
[Date "2024.09.12"]
[Round "2.11"]
[White "Milovic, Aleksandra"]
[Black "Khotenashvili, Bella"]
[Result "0-1"]
[ECO "B19"]
[WhiteElo "2121"]
[BlackElo "2432"]
[Annotator "RC"]
[PlyCount "116"]
[EventDate "2024.09.05"]
[EventType "team-tourn"]
[EventCountry "HUN"]
[SourceTitle "playchess.com"]
[Source "ChessBase"]
[SourceQuality "1"]
[WhiteTeam "Montenegro"]
[BlackTeam "Georgia"]
[WhiteTeamCountry "MNE"]
[BlackTeamCountry "GEO"]
[TimeControl "40/5400+30:1800+30"]

1. e4 c6 2. d4 d5 3. Nc3 dxe4 4. Nxe4 Bf5 5. Ng3 Bg6 6. Nf3 Nd7 7. h4 h6 8. h5 Bh7 9. Bd3 Bxd3 10. Qxd3 e6 11. Bf4 Bb4+ 12. c3 Be7 13. Ne4 Ndf6 14. Ne5 Nxe4 15. Qxe4 Nf6 16. Qe2 Qd5 17. O-O O-O 18. Rfd1 Rad8 19. c4 Qe4 20. Qxe4 Nxe4 21. Rd3 Bd6 22. Rad1 Nf6 23. Rh3 c5 24. Rhd3 cxd4 25. Rxd4 Bc7 26. Rxd8 Rxd8 27. Rxd8+ Bxd8 28. g4 Bb6 29. b4 Bd4 30. b5 Kf8 31. Nf3 Bc5 32. Ne5 Ke7 33. g5 Nxh5 34. gxh6 gxh6 35. Bxh6 Bd4 36. Nf3 Bc5 37. Kf1 f5 38. Ke2 f4 39. Bg5+ Kd6 40. Ne1 e5 41. Nd3 Bd4 42. Kf3 Ng7 43. Ke4 Ne6 44. Bf6 Nc5+ 45. Nxc5 Kxc5 46. Bxe5 Bxf2 47. Kd3 f3 48. Bb8 b6 49. Bxa7 Bd4 50. a4 f2 51. Ke2 Kb4 52. Bb8 Bc5 53. Bg3 Kxa4 54. Bxf2 Bxf2 55. Kxf2 Kb4 56. Ke3 Kxc4 57. Kd2 Kxb5 58. Kc3 Ka4 0-1

[Event "45th FIDE Womens Olympiad 2024"]
[Site "Budapest"]
[Date "2024.09.12"]
[Round "2.12"]
[White "Melia, Salome"]
[Black "Koljevic, Nikolina"]
[Result "0-1"]
[ECO "B67"]
[WhiteElo "2293"]
[BlackElo "2030"]
[Annotator "ChessBase"]
[PlyCount "74"]
[EventDate "2024.09.05"]
[EventType "team-tourn"]
[EventCountry "HUN"]
[SourceTitle "playchess.com"]
[Source "ChessBase"]
[SourceQuality "1"]
[WhiteTeam "Georgia"]
[BlackTeam "Montenegro"]
[WhiteTeamCountry "GEO"]
[BlackTeamCountry "MNE"]
[TimeControl "40/5400+30:1800+30"]

1. e4 c5 2. Nf3 d6 3. d4 cxd4 4. Nxd4 Nf6 5. Nc3 Nc6 6. Bg5 e6 7. Qd2 a6 8. O-O-O Bd7 9. f3 Nxd4 10. Qxd4 h6 11. Be3 Bc6 12. g4 d5 13. e5 Nd7 14. Be2 Bc5 15. Qd2 Bxe3 16. Qxe3 Qc7 17. f4 d4 18. Qxd4 Bxh1 19. Rxh1 Rc8 20. h4 b5 21. a3 Ke7 22. Kb1 Rhd8 23. g5 Nc5 24. Qb4 a5 25. Qxb5 Rd4 26. gxh6 gxh6 27. Bf3 Rxf4 28. Qe2 Nd7 29. Re1 Rb8 30. Bd5 Qxc3 31. Bb3 Qc5 32. Qd2 Rf2 33. Qd3 Nxe5 34. Qg3 Rf5 35. Qg7 Nc4 36. Qxh6 a4 37. Bxc4 Qxc4 0-1

[Event "45th FIDE Womens Olympiad 2024"]
[Site "Budapest"]
[Date "2024.09.12"]
[Round "2.13"]
[White "Kashlinskaya, Alina"]
[Black "Librelato, Kathie Goulart"]
[Result "1-0"]
[ECO "D31"]
[WhiteElo "2490"]
[BlackElo "2181"]
[Annotator "TA"]
[PlyCount "55"]
[EventDate "2024.09.05"]
[EventType "team-tourn"]
[EventCountry "HUN"]
[SourceTitle "playchess.com"]
[Source "ChessBase"]
[SourceQuality "1"]
[WhiteTeam "Poland"]
[BlackTeam "Brazil"]
[WhiteTeamCountry "POL"]
[BlackTeamCountry "BRA"]
[TimeControl "40/5400+30:1800+30"]

1. d4 d5 2. c4 e6 3. Nc3 c6 4. e4 dxe4 5. Nxe4 c5 6. Be3 (6. Nf3 $14) 6... cxd4 $11 7. Bxd4 Nc6 8. Bc3 {[%emt 0:00:19] White has an edge.} Qxd1+ 9. Rxd1 e5 10. c5 Be6 11. Bb5 Nf6 12. Nxf6+ (12. Nd6+ $11 Bxd6 13. cxd6) 12... gxf6 $15 13. b4 Rg8 14. Ne2 a5 (14... Bxa2 15. O-O $15) 15. bxa5 Bd7 ({Black should play} 15... Rxg2 $15 16. Ng3 (16. a6 Rxa6 17. Bxa6 bxa6 $17) 16... Bxc5) 16. Ng3 Bxc5 17. Ne4 Be7 18. O-O Rg6 (18... Rd8 $11 {remains equal.}) 19. Nd6+ $16 Bxd6 20. Rxd6 f5 21. Rd5 $36 {[%emt 0:06:04][%mdl 2048] Keeping Black busy. White is more active.} Ke7 {[%emt 0:02:08] [#]} (21... Be6 $16 {was worth a try.} 22. Rc5 (22. Rxe5 O-O-O $16) (22. Bxc6+ bxc6 23. Rxe5 O-O-O $16) 22... Kf8) 22. Bb4+ $1 $18 Nxb4 23. Rxd7+ Kf8 24. Bc4 (24. Rxb7 $6 Rxa5 25. Bc4 Nd5 $16) 24... Rxa5 (24... Rc6 $142 25. Rxf7+ (25. Bxf7 Rxa5 26. Rxb7 Nxa2 $16) 25... Ke8) 25. Rxf7+ ({Not} 25. Bxf7 Rg7 26. Rb1 Rxf7 $15) 25... Ke8 26. Rxb7 ({Less strong is} 26. Rxh7 Rc6 $18) 26... Nd5 27. Rd1 ({Resist} 27. Rxh7 Rc5 $18) 27... Rb6 (27... Rd6 $142 28. Rxh7 Rc6) 28. Rxd5 {[%emt 0:01:22] Weighted Error Value: White=0.14 (very precise) /Black=0.44.  Mistake:       	White=1     	Black=5      Inaccurate:     	White=1     	Black=1      OK:         	White=7     	Black=7      Best:        	White=5     	Black=4      Brilliant:      	White=1     	---} 1-0

[Event "45th FIDE Womens Olympiad 2024"]
[Site "Budapest"]
[Date "2024.09.12"]
[Round "2.13"]
[White "Lima, Izidora Lourenco"]
[Black "Kaslan, Catherine"]
[Result "0-1"]
[ECO "B87"]
[WhiteElo "1579"]
[BlackElo "1902"]
[Annotator "NA"]
[PlyCount "72"]
[EventDate "2024.09.05"]
[EventType "team-tourn"]
[EventCountry "HUN"]
[SourceTitle "playchess.com"]
[Source "ChessBase"]
[SourceQuality "1"]
[WhiteTeam "Sao Tome and Principe"]
[BlackTeam "Suriname"]
[WhiteTeamCountry "SAO"]
[BlackTeamCountry "SUR"]
[TimeControl "40/5400+30:1800+30"]

1. e4 c5 2. Nf3 d6 3. Bc4 e6 4. Nc3 Nf6 5. d4 cxd4 6. Nxd4 a6 7. Bb3 Be7 8. O-O O-O 9. Be3 b5 10. f3 Qc7 11. Qd2 Nc6 12. Rad1 Na5 13. Rfe1 Nc4 14. Qc1 Bb7 15. Bxc4 Qxc4 16. Nb3 Qc7 17. Rd3 Rac8 18. a3 Rfd8 19. Qd2 Nd7 20. f4 Nf6 21. Bf2 d5 22. e5 Ne4 23. Qe2 Nc5 24. Nxc5 Bxc5 25. Bd4 Bxd4+ 26. Rxd4 Qb6 27. Red1 Rc4 28. Qf2 Rdc8 29. Rxc4 Qxf2+ 30. Kxf2 bxc4 31. Ne2 f6 32. c3 fxe5 33. fxe5 Rf8+ 34. Ke3 Rf5 35. Kd4 Rf2 36. Ke3 Rxg2 0-1

[Event "45th FIDE Womens Olympiad 2024"]
[Site "Budapest"]
[Date "2024.09.12"]
[Round "2.14"]
[White "Alboredo, Julia"]
[Black "Maltsevskaya, Aleksandra"]
[Result "0-1"]
[ECO "B13"]
[WhiteElo "2127"]
[BlackElo "2404"]
[Annotator "TA"]
[PlyCount "80"]
[EventDate "2024.09.05"]
[EventType "team-tourn"]
[EventCountry "HUN"]
[SourceTitle "playchess.com"]
[Source "ChessBase"]
[SourceQuality "1"]
[WhiteTeam "Brazil"]
[BlackTeam "Poland"]
[WhiteTeamCountry "BRA"]
[BlackTeamCountry "POL"]
[TimeControl "40/5400+30:1800+30"]

1. e4 c6 2. d4 d5 3. exd5 cxd5 4. Bd3 Nf6 5. c3 Bg4 6. Qb3 Qc7 7. Ne2 Bxe2 8. Bxe2 e6 9. O-O {[%emt 0:06:29] The position is equal.} Bd6 {[%emt 0:00:24] Against Bf4} 10. f4 O-O 11. Bd3 Nc6 12. Qd1 Ne4 13. Bxe4 (13. g3 $11) 13... dxe4 $15 14. Qe2 f5 15. Be3 Ne7 16. g3 Nd5 17. Nd2 {[%emt 0:02:57] [#]} (17. Bc1 $142) 17... b5 $1 18. a4 a6 19. h4 Qc6 20. Ra2 bxa4 {[%emt 0:04:25] Black has more active pieces.} 21. Nc4 Rab8 22. Nxd6 Qxd6 23. Rxa4 {[%emt 0:01:08] This move loses the game for White.} (23. Bf2 $17) 23... Nxe3 $19 24. Qxe3 Rxb2 25. Rf2 {[%emt 0:06:35] White is weak on the light squares} Rfb8 26. Ra2 Rxa2 27. Rxa2 {[%emt 0:00:02][%mdl 4096] Endgame. KQR-KQR} Rb1+ 28. Kh2 Qc6 {[%emt 0:05:47] Hoping for ...h6.} 29. h5 (29. Qe2 {might work better.}) 29... Rb3 30. Rc2 a5 31. h6 (31. d5 $142 exd5 (31... Qxd5 32. Rd2 $19) 32. Qa7) 31... a4 {[%emt 0:01:17] aiming for ...a3.} 32. d5 exd5 ({Weaker is} 32... Qxd5 33. Rd2 Qa8 34. Rd7 Rb2+ (34... gxh6 $2 {perishes.} 35. Qd4 $18) 35. Kh3 $11) 33. Qd4 Qxh6+ 34. Kg2 Qc6 {[%emt 0:00:09] Strongly threatening ...a3.} 35. c4 a3 36. Rd2 h6 {[%emt 0:01:55] ( -> ...Qg6)} (36... dxc4 $2 {too greedy.} 37. Qd8+ Kf7 38. Rd7+ $18) 37. cxd5 Qg6 {[%emt 0:00:06] Black mates.} 38. Qf2 e3 39. Qf3 exd2 40. Qxb3 Qg4 {[%emt 0:00:23] Weighted Error Value: White=0.97/Black=0.38.  Loses game:     	White=1     	---        Mistake:       	White=4     	Black=1      Inaccurate:     	White=5     	Black=1      OK:         	White=5     	Black=17     Best:        	---       	Black=1} 0-1

[Event "45th FIDE Womens Olympiad 2024"]
[Site "Budapest"]
[Date "2024.09.12"]
[Round "2.15"]
[White "Kiolbasa, Oliwia"]
[Black "Tamarozi, Isabelle"]
[Result "1-0"]
[ECO "B31"]
[WhiteElo "2348"]
[BlackElo "2059"]
[Annotator "TA"]
[PlyCount "63"]
[EventDate "2024.09.05"]
[EventType "team-tourn"]
[EventCountry "HUN"]
[SourceTitle "playchess.com"]
[Source "ChessBase"]
[SourceQuality "1"]
[WhiteTeam "Poland"]
[BlackTeam "Brazil"]
[WhiteTeamCountry "POL"]
[BlackTeamCountry "BRA"]
[TimeControl "40/5400+30:1800+30"]

1. e4 c5 2. Nf3 Nc6 3. Bb5 g6 4. Bxc6 bxc6 5. d4 cxd4 6. Qxd4 f6 {[%emt 0:01:49] Black is weak on the dark squares} 7. O-O Bg7 8. c4 {[%emt 0:03:18] White is slightly better.} Nh6 9. c5 Nf7 10. Nc3 O-O 11. Qc4 Qa5 {[%emt 0:10:16] And now ...Ba6 would win.} 12. b4 Ba6 (12... Qc7 $11) 13. Qb3 ({White should play} 13. Qxf7+ $16 Rxf7 14. bxa5) 13... Qc7 $14 14. Rd1 Rab8 15. Be3 $36 {[%emt 0:07:09][%mdl 2048] White has good play.} Kh8 16. a4 Bc8 (16... f5 $14) 17. b5 $16 d6 18. b6 Qd7 {[%emt 0:09:03] [#]} (18... axb6 $142 19. cxb6 Qd7) 19. a5 $1 {[%emt 0:06:21] White is much more active.} a6 (19... axb6 $16 {might work better.} 20. axb6 (20. cxb6 Ra8 $18) 20... f5) 20. Rac1 $18 Qg4 (20... Bb7 $142 21. Na4 Qg4) 21. Nd4 Ne5 (21... Nd8 {was necessary.} 22. Qc4 Re8 23. cxd6 Qd7 24. dxe7 Qxe7) 22. h3 Qh5 23. Nce2 dxc5 24. Nf4 Qh4 25. Rxc5 g5 26. Nfe6 {[%emt 0:01:37] A dynamic duo of knights.} ({Not} 26. Nxc6 gxf4 (26... Nxc6 $2 27. g3 $18) 27. Bxf4 (27. Nxb8 fxe3 28. fxe3 Bxh3 $19) 27... Nxc6 28. Bxb8 Bb7 $16 (28... Nxb8 29. b7 $14)) 26... Rg8 27. Nxg7 Rxg7 {[%emt 0:00:20] [#]} 28. Rxe5 $1 fxe5 (28... Bxh3 29. gxh3) 29. Nxc6 {[%emt 0:00:12] Threatening mate with Rd8+.} Rg8 30. Qd5 {[%emt 0:01:05] White mates.} Bxh3 31. Qxe5+ Rg7 32. Qxb8+ {[%emt 0:00:06] Weighted Error Value: White=0.22 (precise) /Black=0.67.  Mistake:       	White=1     	Black=6      Inaccurate:     	White=2     	Black=1      OK:         	White=14    	Black=4      Best:        	White=1     	Black=1} 1-0

[Event "45th FIDE Womens Olympiad 2024"]
[Site "Budapest"]
[Date "2024.09.12"]
[Round "2.16"]
[White "Dias, Clara"]
[Black "Sliwicka, Alicja"]
[Result "0-1"]
[ECO "C55"]
[WhiteElo "1954"]
[BlackElo "2373"]
[Annotator "RC"]
[PlyCount "130"]
[EventDate "2024.09.05"]
[EventType "team-tourn"]
[EventCountry "HUN"]
[SourceTitle "playchess.com"]
[Source "ChessBase"]
[SourceQuality "1"]
[WhiteTeam "Brazil"]
[BlackTeam "Poland"]
[WhiteTeamCountry "BRA"]
[BlackTeamCountry "POL"]
[TimeControl "40/5400+30:1800+30"]

1. e4 e5 2. Nf3 Nc6 3. Bc4 Nf6 4. d3 Be7 5. c3 O-O 6. O-O d5 7. exd5 Nxd5 8. Re1 Bg4 9. Nbd2 Nb6 10. h3 Nxc4 11. Nxc4 Bxf3 12. Qxf3 Bf6 13. a4 Qd7 14. Bh6 Rfe8 15. Rad1 Qe6 16. Bc1 Rad8 17. Nd2 Qa2 18. Ne4 Be7 19. Qg4 g6 20. Ng3 Kh8 21. Bh6 Qxb2 22. Qc4 Kg8 23. Re3 Rd6 24. Ne4 Re6 25. Rf3 Qb6 26. Bg5 Na5 27. Qa2 Qb3 28. Qxb3 Nxb3 29. Rb1 Na5 30. Bf6 Bd8 31. Rb5 b6 32. Rd5 Nc6 33. Rd7 Be7 34. Rxc7 Kf8 35. Ng5 Bxf6 36. Nxh7+ Kg7 37. Nxf6 R8e7 38. Rxe7 Nxe7 39. Ne4 f5 40. Ng5 Rc6 41. c4 Rd6 42. Re3 Nc6 43. f4 exf4 44. Ne6+ Kf7 45. Nxf4 Nb4 46. h4 Rd4 47. g3 Nc2 48. Re2 Nb4 49. Rd2 a5 50. Kf2 Rd8 51. d4 Rc8 52. c5 bxc5 53. dxc5 Rxc5 54. Rd7+ Ke8 55. Rg7 Rc2+ 56. Kf3 Rc3+ 57. Kg2 Nc2 58. Rxg6 Ne3+ 59. Kg1 Ng4 60. Ne2 Ra3 61. h5 Kf7 62. Ra6 Rxa4 63. Kg2 Ra2 64. Kf3 a4 65. Nd4 Rf2# 0-1

[Event "45th FIDE Womens Olympiad 2024"]
[Site "Budapest"]
[Date "2024.09.12"]
[Round "2.17"]
[White "Rivera, Ingris"]
[Black "Song, Yuxin"]
[Result "0-1"]
[ECO "E13"]
[WhiteElo "2171"]
[BlackElo "2373"]
[Annotator "TA"]
[PlyCount "86"]
[EventDate "2024.09.05"]
[EventType "team-tourn"]
[EventCountry "HUN"]
[SourceTitle "playchess.com"]
[Source "ChessBase"]
[SourceQuality "1"]
[WhiteTeam "Colombia"]
[BlackTeam "China"]
[WhiteTeamCountry "COL"]
[BlackTeamCountry "CHN"]
[TimeControl "40/5400+30:1800+30"]

1. d4 Nf6 2. c4 e6 3. Nf3 b6 4. Nc3 Bb4 5. Bg5 h6 6. Bh4 Bb7 7. e3 g5 8. Bg3 Ne4 9. Qc2 d6 10. Bd3 Bxc3+ 11. bxc3 Nxg3 {[%emt 0:00:02] The position is equal.} 12. hxg3 g4 13. Nd2 Bxg2 14. Rh4 h5 $1 15. Be4 Bxe4 16. Qxe4 Nd7 17. Ke2 Nf6 18. Qc6+ {[%emt 0:03:01] [#]} Ke7 $1 19. Rah1 Qd7 20. Qxd7+ Kxd7 21. Kd3 Rag8 22. e4 Rg5 23. a4 Rh6 24. Rb1 a6 25. Nb3 Ng8 26. Ra1 Ne7 27. a5 b5 28. c5 (28. Nd2 $17 {might work better.}) 28... Kc6 (28... f5 $19 {Strongly threatening ...fxe4+.} 29. cxd6 fxe4+ (29... cxd6 30. e5 $17) (29... Kxd6 30. Nc5 $11) 30. Kxe4 cxd6) 29. Re1 (29. cxd6 $17 cxd6 30. Rhh1) 29... d5 $19 30. exd5+ Rxd5 {[%emt 0:01:04] ...Rf5 is the strong threat.} ({Much less strong is} 30... Kxd5 31. Nd2) 31. Rh2 Kd7 32. c4 (32. Nd2 $142) 32... bxc4+ 33. Kxc4 Nc6 34. Re4 Rf6 35. Re3 Rdf5 36. Re2 Rf3 {[%emt 0:00:02][%cal Of3b3] [#] Hoping for ...Rxb3!} 37. Rd2 R6f5 38. Rg2 Ke7 39. Rh2 Rd5 40. Rd1 $2 (40. Rh1) 40... Ne5+ {[%emt 0:00:20] Black is clearly winning.} 41. Kb4 Nd3+ 42. Rxd3 Rxd3 43. Kc4 Rd1 {[%emt 0:00:28] Weighted Error Value: White=0.37/Black=0.10 (very precise) .  Mistake:       	White=4     	Black=1      Inaccurate:     	White=2     	Black=1      OK:         	White=5     	Black=15     Best:        	---       	Black=2      Strong:       	---       	Black=2} 0-1

[Event "45th FIDE Womens Olympiad 2024"]
[Site "Budapest"]
[Date "2024.09.12"]
[Round "2.17"]
[White "Laamim, Roaa"]
[Black "Oyenga, Justine Anassika"]
[Result "1-0"]
[ECO "C47"]
[WhiteElo "1879"]
[BlackElo "1503"]
[Annotator "NA"]
[PlyCount "65"]
[EventDate "2024.09.05"]
[EventType "team-tourn"]
[EventCountry "HUN"]
[SourceTitle "playchess.com"]
[Source "ChessBase"]
[SourceQuality "1"]
[WhiteTeam "Morocco"]
[BlackTeam "Togo"]
[WhiteTeamCountry "MAR"]
[BlackTeamCountry "TOG"]
[TimeControl "40/5400+30:1800+30"]

1. e4 e5 2. Nf3 Nc6 3. d4 exd4 4. Nxd4 Nf6 5. Nc3 Bc5 6. Be3 Bb4 7. Nxc6 bxc6 8. Bd3 d5 9. exd5 cxd5 10. O-O O-O 11. h3 d4 12. Bxd4 Qxd4 13. Bxh7+ Nxh7 14. Qxd4 c5 15. Qe4 Rb8 16. Nd5 Bb7 17. Qc4 Bxd5 18. Qxd5 Nf6 19. Qf3 Rfe8 20. Rfd1 a6 21. a3 Ba5 22. b4 Bb6 23. g4 c4 24. Re1 Rbc8 25. Qb7 Bd4 26. Rad1 Rcd8 27. Rxe8+ Nxe8 28. Kf1 Nf6 29. c3 Rd7 30. Qc8+ Kh7 31. Rxd4 Rxd4 32. cxd4 c3 33. Qxc3 1-0

[Event "45th FIDE Womens Olympiad 2024"]
[Site "Budapest"]
[Date "2024.09.12"]
[Round "2.18"]
[White "Guo, Qi"]
[Black "Argote Heredia, Valentina"]
[Result "1-0"]
[ECO "E11"]
[WhiteElo "2367"]
[BlackElo "2144"]
[Annotator "TA"]
[PlyCount "79"]
[EventDate "2024.09.05"]
[EventType "team-tourn"]
[EventCountry "HUN"]
[SourceTitle "playchess.com"]
[Source "ChessBase"]
[SourceQuality "1"]
[WhiteTeam "China"]
[BlackTeam "Colombia"]
[WhiteTeamCountry "CHN"]
[BlackTeamCountry "COL"]
[TimeControl "40/5400+30:1800+30"]

1. d4 Nf6 2. Nf3 e6 3. c4 Bb4+ 4. Bd2 Qe7 5. g3 Nc6 6. Nc3 O-O 7. Bg2 Bxc3 8. Bxc3 Ne4 9. Rc1 d6 10. O-O f5 11. d5 Nd8 12. b4 a5 13. a3 Bd7 14. Bb2 {[%emt 0:02:37] White has an edge.} (14. bxa5 Nxc3 15. Rxc3 e5 $11) 14... e5 {[%emt 0:02:53] [#]} 15. c5 $1 Nf7 (15... axb4 16. axb4) 16. Nd2 Nf6 17. Nc4 axb4 18. axb4 Ra6 19. Qd3 Rfa8 20. Na5 dxc5 21. Nxb7 e4 22. Qd2 cxb4 23. Rxc7 {[%emt 0:00:11][%cal Od5d6] d6! is the strong threat. White is more active.} Ne8 24. Rcc1 (24. Rxd7 $5 Qxd7 25. Nc5 $16 (25. Qxb4 $2 Ra4 $19)) 24... Rb6 (24... Ra2 $11 {remains equal.}) 25. Nc5 $16 Ra5 26. Nb3 (26. Bd4 $16 {Hoping for Nxd7.} Rbb5 27. Rfd1) 26... Rab5 27. f3 e3 ({Better is} 27... Nf6 $14) 28. Qd3 f4 {[%emt 0:01:29] [#]} 29. Rc4 ({Much weaker is} 29. gxf4 $6 Rh6 $11) (29. Qe4 $1 $16 Qd6 (29... Qxe4 $2 30. fxe4 fxg3 31. hxg3 $18) 30. gxf4) 29... fxg3 $14 30. hxg3 {[%emt 0:00:06] And now Re4 would win.} Qg5 31. Nc5 Bc8 {[%emt 0:03:32] This move loses the game for Black.} ({Black should try} 31... Rxc5 $1 $14 32. Rxc5 Rg6) 32. Ne4 Qd8 33. Qxe3 Bb7 34. Rd1 {[%emt 0:03:11] Bh3 would now be deadly.} Rg6 (34... Rxd5 {was worth a try.} 35. Rdd4 Rxd4 36. Rxd4 Qc8) 35. Rc5 Rbb6 (35... Rxc5 {might work better.} 36. Qxc5 h5) 36. f4 $18 Ned6 37. Nxd6 Nxd6 38. Bh3 {[%emt 0:03:33] Prevents Nf5. A strong pair of Bishops.} Qh4 $2 {[%emt 0:01:13] [#]} (38... Ne8 39. Bf5 Rh6) 39. Qe6+ $3 Kf8 {[%emt 0:00:50] [#]} (39... Kh8 40. Qxg6) 40. Qxg6 $3 {[%emt 0:00:20][%mdl 512] Weighted Error Value: White=0.18 (very precise) /Black=0.36.  Loses game:     	---       	Black=1      Mistake:       	White=2     	Black=5      Inaccurate:     	White=2     	Black=5      OK:         	White=9     	Black=8      Best:        	White=3     	Black=1      Brilliant:      	White=1     	---} 1-0

[Event "45th FIDE Womens Olympiad 2024"]
[Site "Budapest"]
[Date "2024.09.12"]
[Round "2.18"]
[White "Kponsou, Afiwa"]
[Black "Chemaou lilya"]
[Result "1/2-1/2"]
[ECO "A08"]
[WhiteElo "1453"]
[BlackElo "1565"]
[Annotator "NA"]
[PlyCount "108"]
[EventDate "2024.09.05"]
[EventType "team-tourn"]
[EventCountry "HUN"]
[SourceTitle "playchess.com"]
[Source "ChessBase"]
[SourceQuality "1"]
[WhiteTeam "Togo"]
[BlackTeam "Morocco"]
[WhiteTeamCountry "TOG"]
[BlackTeamCountry "MAR"]
[TimeControl "40/5400+30:1800+30"]

1. Nf3 Nf6 2. g3 g6 3. Bg2 Bg7 4. O-O O-O 5. d3 d5 6. Nbd2 c5 7. e4 dxe4 8. dxe4 Nc6 9. c3 Bg4 10. Re1 Ne5 11. Qb3 Nd3 12. Rd1 Qc7 13. h3 Nxc1 14. Raxc1 Be6 15. c4 h6 16. Qe3 Nd7 17. b3 Ne5 18. Nxe5 Qxe5 19. f4 Qd4 20. Nf1 Qxe3+ 21. Nxe3 Bd4 22. Kf2 Rfd8 23. Kf3 f5 24. Nd5 Bxd5 25. cxd5 Kf7 26. Bf1 Kg7 27. Bc4 a6 28. a4 Rab8 29. Re1 Re8 30. exf5 gxf5 31. Re6 Bf6 32. Rce1 b5 33. Bd3 bxa4 34. bxa4 Red8 35. Bxa6 Rxd5 36. Bc4 Rd4 37. Rc1 Rb4 38. Be2 Rxa4 39. Rxc5 Kf7 40. Rec6 Ra3+ 41. Rc3 Rxc3+ 42. Rxc3 Rxf4+ 43. Kxf4 Bxc3 44. Kxf5 e6+ 45. Ke4 e5 46. Kf5 Be1 47. g4 Bg3 48. Bc4+ Kg7 49. Bd5 Bf4 50. h4 Bg3 51. h5 Bf4 52. Be4 Bg5 53. Kxe5 Be3 54. Ke6 Bg5 1/2-1/2

[Event "45th FIDE Womens Olympiad 2024"]
[Site "Budapest"]
[Date "2024.09.12"]
[Round "2.19"]
[White "Chirivi C, Jenny Astrid"]
[Black "Ni, Shiqun"]
[Result "0-1"]
[ECO "D10"]
[WhiteElo "2120"]
[BlackElo "2348"]
[Annotator "TA"]
[PlyCount "84"]
[EventDate "2024.09.05"]
[EventType "team-tourn"]
[EventCountry "HUN"]
[SourceTitle "playchess.com"]
[Source "ChessBase"]
[SourceQuality "1"]
[WhiteTeam "Colombia"]
[BlackTeam "China"]
[WhiteTeamCountry "COL"]
[BlackTeamCountry "CHN"]
[TimeControl "40/5400+30:1800+30"]

1. d4 d5 2. c4 c6 3. cxd5 cxd5 4. Nc3 Nc6 5. Bf4 e6 6. e3 Bd6 7. Bxd6 Qxd6 8. f4 {[%emt 0:01:09] White is slightly better.} Nge7 9. Nf3 Bd7 10. Bd3 f6 11. O-O O-O 12. Rc1 Rac8 13. Bb1 Be8 14. Ne1 Bg6 15. Nd3 Nf5 16. Qd2 Qe7 17. Nb5 a6 18. Nc3 Nd6 19. b3 b6 20. Nf2 Bxb1 21. Rxb1 Qb7 22. Na4 Rc7 23. Rbc1 Rfc8 24. Rfd1 Ne7 25. Qe1 Nef5 26. Nd3 Rxc1 27. Rxc1 Rxc1 28. Qxc1 h5 29. g3 a5 30. Nf2 Qa6 31. Qd2 {[%emt 0:00:56] Repels Qe2} Qb5 32. Nb2 Qc6 33. Kg2 $2 {[%emt 0:00:45][%mdl 8192] [#] Loses the game.} (33. Nbd3 $15) 33... Qc2 $3 $19 34. Qxc2 Nxe3+ 35. Kf3 Nxc2 {[%emt 0:00:02][%mdl 4096] Endgame. KNN-KNN} 36. Na4 b5 37. Nc5 Nxd4+ 38. Ke3 N6f5+ 39. Kd3 e5 40. fxe5 fxe5 41. g4 e4+ 42. Kc3 $2 {[%emt 0:00:00] [#]} (42. Ncxe4 dxe4+ 43. Kxe4 hxg4 44. Nxg4) 42... b4+ {[%emt 0:00:00] Weighted Error Value: White=0.34/Black=0.04 (flawless) .  Loses game:     	White=1     	---        Mistake:       	White=1     	---        Inaccurate:     	---       	Black=1      OK:         	White=14    	Black=13     Best:        	---       	Black=1      Brilliant:      	---       	Black=1} 0-1